SAAA
HARTFORD PRIDE @ HIALEAH DODOS
09/16/2042
 
TOP OF THE 1ST
Hartford Pride batting - Pitching for Hialeah Dodos : RHP Kagetoki Matsubara
Pitching: RHP Kagetoki Matsubara
Batting: LHB Daniel Joseph 0-0: Ground out 4-3 (Groundball, 34, EV 103.1 MPH)
Batting: RHB Katsuhiko Ishihara 0-0: Fly out, F4 (Popup, 34, EV 61.2 MPH)
Batting: LHB Tomás Muinos 0-0: Ball
1-0: Ball
2-0: Called Strike
2-1: Swinging Strike
2-2: Ball
3-2: Strikes out swinging
Top of the 1st over - 0 runs, 0 hits, 0 errors, 0 left on base; Hartford 0 - Hialeah 0
BOTTOM OF THE 1ST
Hialeah Dodos batting - Pitching for Hartford Pride : RHP Rook Ellington
Pitching: RHP Rook Ellington
Batting: RHB Sergio San Martín 0-0: Ball
1-0: Called Strike
1-1: Ground out 4-3 (Groundball, 4S, EV 83.1 MPH)
Batting: RHB Kawenaula Alohalani 0-0: Ball
1-0: Ball
2-0: Swinging Strike
2-1: Swinging Strike
2-2: Ball
3-2: Foul Ball, location: 2F
3-2: Foul Ball, location: 2F
3-2: Base on Balls
Batting: RHB Juan Reyes 0-0: Called Strike
0-1: Grounds into double play, 6-4-3 (Groundball, 6, EV 83.8 MPH)
Bottom of the 1st over - 0 runs, 0 hits, 0 errors, 0 left on base; Hartford 0 - Hialeah 0
TOP OF THE 2ND
Hartford Pride batting - Pitching for Hialeah Dodos : RHP Kagetoki Matsubara
Batting: RHB Emílio Agramónte 0-0: Foul Ball, location: 2F
0-1: Ground out 6-3 (Groundball, 6, EV 98.1 MPH)
Batting: RHB Hani Azwan 0-0: Fly out, F8 (Line Drive, 8RM, EV 87.5 MPH)
Batting: SHB Alvin Peterson 0-0: Ball
1-0: Foul Ball, location: 2F
1-1: Ball
2-1: Foul Ball, location: 2F
2-2: Ball
3-2: Reached on error, E4 (Groundball, 4, EV 97.5 MPH)
Batting: RHB Angeddy Almanzar 0-0: Ball
1-0: SINGLE (Flyball, 9LS, EV 95.0 MPH)
Alvin Peterson to second
Runner from 2nd tries for 3rd, SAFE, throw by RF made to third
Batting: RHB Barend Huijbregts Pickoff Throw to First - Out! 1-3
Top of the 2nd over - 0 runs, 1 hit, 1 error, 1 left on base; Hartford 0 - Hialeah 0
BOTTOM OF THE 2ND
Hialeah Dodos batting - Pitching for Hartford Pride : RHP Rook Ellington
Batting: LHB Keith Pick 0-0: Ball
1-0: Ball
2-0: Called Strike
2-1: Swinging Strike
2-2: Strikes out swinging
Batting: LHB Gabriel Montoya 0-0: Called Strike
0-1: Ground out 4-3 (Groundball, 4, EV 83.8 MPH)
Batting: LHB Richard Edwards 0-0: Ball
1-0: Ball
2-0: Ball
3-0: Base on Balls
Batting: RHB Chrysler Rodriguez 0-0: Called Strike
Richard Edwards steals 2nd base
0-1: Ball
1-1: SINGLE (Groundball, 6M, EV 80.0 MPH) (infield hit)
Richard Edwards to third
Batting: LHB Dallas McMurran 0-0: Ball
1-0: Called Strike
1-1: Foul Ball, location: 2F
1-2: Ball
2-2: SINGLE (Groundball, 3D, EV 98.8 MPH)
Richard Edwards scores
Chrysler Rodriguez to second
Runner from 2nd tries for 3rd, SAFE, throw by RF made to third
Batting: SHB Xavier Mercier 0-0: Ground out 4-3 (Groundball, 4, EV 88.1 MPH)
Bottom of the 2nd over - 1 run, 2 hits, 0 errors, 2 left on base; Hartford 0 - Hialeah 1
TOP OF THE 3RD
Hartford Pride batting - Pitching for Hialeah Dodos : RHP Kagetoki Matsubara
Batting: RHB Barend Huijbregts 0-0: Ball
1-0: Ball
2-0: Swinging Strike
2-1: Foul Ball, location: 2F
2-2: Foul Ball, location: 2F
2-2: Strikes out swinging
Batting: RHB Nathan Pruitt 0-0: SINGLE (Groundball, 6S, EV 88.1 MPH) (infield hit)
Batting: LHB Daniel Joseph 0-0: Ball
1-0: Called Strike
1-1: Foul Ball, location: 2F
1-2: Grounds into double play, 5-4-3 (Groundball, 5L, EV 86.2 MPH)
Top of the 3rd over - 0 runs, 1 hit, 0 errors, 0 left on base; Hartford 0 - Hialeah 1
BOTTOM OF THE 3RD
Hialeah Dodos batting - Pitching for Hartford Pride : RHP Rook Ellington
Batting: RHB Sergio San Martín 0-0: Ball
1-0: Ball
2-0: Foul Ball, location: 2F
2-1: Ball
3-1: Base on Balls
Batting: RHB Kawenaula Alohalani 0-0: Swinging Strike
0-1: Ball
1-1: Ball
2-1: Called Strike
2-2: Grounds into double play, 6-4-3 (Groundball, 6, EV 105.0 MPH)
Batting: RHB Juan Reyes 0-0: Fly out, F8 (Flyball, 8RD, EV 100.6 MPH)
Bottom of the 3rd over - 0 runs, 0 hits, 0 errors, 0 left on base; Hartford 0 - Hialeah 1
TOP OF THE 4TH
Hartford Pride batting - Pitching for Hialeah Dodos : RHP Kagetoki Matsubara
Batting: RHB Katsuhiko Ishihara 0-0: SOLO HOME RUN (Flyball, 9LD, EV 105.0 MPH), Distance : 340 ft
Batting: LHB Tomás Muinos 0-0: Foul Ball, location: 2F
0-1: Foul Ball, location: 2F
0-2: Strikes out swinging
Batting: RHB Emílio Agramónte 0-0: Ball
1-0: Called Strike
1-1: Foul Ball, location: 2F
1-2: Ground out 6-3 (Groundball, 56, EV 88.8 MPH)
Batting: RHB Hani Azwan 0-0: Called Strike
0-1: Ball
1-1: Foul Ball, location: 2F
1-2: Strikes out swinging
Top of the 4th over - 1 run, 1 hit, 0 errors, 0 left on base; Hartford 1 - Hialeah 1
BOTTOM OF THE 4TH
Hialeah Dodos batting - Pitching for Hartford Pride : RHP Rook Ellington
Batting: LHB Keith Pick 0-0: Ball
1-0: Called Strike
1-1: Foul Ball, location: 2F
1-2: Strikes out swinging
Batting: LHB Gabriel Montoya 0-0: Called Strike
0-1: Ground out U3 (Groundball, 3, EV 81.9 MPH)
Batting: LHB Richard Edwards 0-0: Foul Ball, location: 2F
0-1: Ball
1-1: Ball
2-1: Ball
3-1: Base on Balls
Batting: RHB Chrysler Rodriguez 0-0: Fly out, F9 (Flyball, 9S, EV 82.5 MPH)
Bottom of the 4th over - 0 runs, 0 hits, 0 errors, 1 left on base; Hartford 1 - Hialeah 1
TOP OF THE 5TH
Hartford Pride batting - Pitching for Hialeah Dodos : RHP Kagetoki Matsubara
Batting: SHB Alvin Peterson 0-0: Called Strike
0-1: Ball
1-1: Ball
2-1: Ground out 4-3 (Groundball, 4, EV 104.4 MPH)
Pitching: RHP Kenny Hannah
Batting: RHB Angeddy Almanzar 0-0: Called Strike
0-1: Ball
1-1: Swinging Strike
1-2: Strikes out swinging
Batting: RHB Barend Huijbregts 0-0: Swinging Strike
0-1: Called Strike
0-2: Strikes out looking
Top of the 5th over - 0 runs, 0 hits, 0 errors, 0 left on base; Hartford 1 - Hialeah 1
BOTTOM OF THE 5TH
Hialeah Dodos batting - Pitching for Hartford Pride : RHP Rook Ellington
Batting: LHB Dallas McMurran 0-0: Ball
1-0: SINGLE (Groundball, 34D, EV 103.1 MPH)
Batting: SHB Xavier Mercier 0-0: Bunted foul
0-1: Bunted foul
0-2: Fly out, F2 (Popup, 23F, EV 42.5 MPH)
Batting: RHB Sergio San Martín 0-0: Ball
1-0: Ball
2-0: Ball
3-0: Called Strike
3-1: Base on Balls
Dallas McMurran to second
Batting: RHB Kawenaula Alohalani 0-0: Ball
1-0: Ball
2-0: SINGLE (Flyball, 5D, EV 100.0 MPH)
Dallas McMurran to third
Sergio San Martín to second
Runner from 3rd tries for Home, SAFE, throw by LF to home
Batting: RHB Juan Reyes 0-0: Ball
1-0: Fly out, F9 (Flyball, 9LD, EV 102.5 MPH)
Runner from 2nd tags up, SAFE at 3rd, no throw by RF
Batting: LHB Keith Pick 0-0: Ball
Wild Pitch!
Sergio San Martín scores
Kawenaula Alohalani to second
1-0: Ground out 4-3 (Groundball, 4, EV 83.8 MPH)
Bottom of the 5th over - 2 runs, 2 hits, 0 errors, 1 left on base; Hartford 1 - Hialeah 3
TOP OF THE 6TH
Hartford Pride batting - Pitching for Hialeah Dodos : RHP Kenny Hannah
Batting: RHB Nathan Pruitt 0-0: Called Strike
0-1: Ball
1-1: Ball
2-1: Ball
3-1: Base on Balls
Batting: LHB Daniel Joseph 0-0: Ball
1-0: Ball
2-0: Foul Ball, location: 2F
2-1: Foul Ball, location: 2F
2-2: Fly out, F8 (Line Drive, 8RM, EV 96.2 MPH)
Batting: RHB Katsuhiko Ishihara 0-0: Ball
1-0: Ball
2-0: Ball
3-0: Called Strike
3-1: Swinging Strike
3-2: Ground out 5-3 (Groundball, 56S, EV 66.2 MPH)
Nathan Pruitt to second
Batting: LHB Tomás Muinos 0-0: Ball
1-0: Foul Ball, location: 2F
1-1: Ball
2-1: DOUBLE (Line Drive, 89M, EV 101.9 MPH)
Nathan Pruitt scores
Batting: RHB Emílio Agramónte 0-0: Ball
1-0: Ball
2-0: Called Strike
2-1: Foul Ball, location: 2F
2-2: Strikes out looking
Top of the 6th over - 1 run, 1 hit, 0 errors, 1 left on base; Hartford 2 - Hialeah 3
BOTTOM OF THE 6TH
Hialeah Dodos batting - Pitching for Hartford Pride : RHP Rook Ellington
Batting: LHB Gabriel Montoya 0-0: Called Strike
0-1: Ball
1-1: Called Strike
1-2: SINGLE (Flyball, 78M, EV 88.1 MPH)
Batting: LHB Richard Edwards 0-0: Ball
1-0: Sac Bunt to 25 - play at first, batter OUT! 5-4
Gabriel Montoya to second
Batting: RHB Chrysler Rodriguez 0-0: Called Strike
0-1: Swinging Strike
0-2: Ball
1-2: Foul Ball, location: 2F
1-2: Foul Ball, location: 2F
1-2: SINGLE (Flyball, 89S, EV 90.0 MPH)
Gabriel Montoya to third
Batting: LHB Dallas McMurran 0-0: Ball
1-0: Ball
2-0: Foul Ball, location: 2F
2-1: Ball
3-1: Called Strike
3-2: Base on Balls
Chrysler Rodriguez to second
Batting: SHB Xavier Mercier 0-0: Ball
1-0: SINGLE (Line Drive, 6D, EV 106.9 MPH)
Gabriel Montoya scores
Chrysler Rodriguez to third
Dallas McMurran to second
Batting: RHB Sergio San Martín 0-0: Ball
1-0: SINGLE (Line Drive, 3, EV 70.0 MPH) (infield hit)
Chrysler Rodriguez scores
Dallas McMurran to third
Xavier Mercier to second
Pitching: RHP Victor Heuvelink
Batting: RHB Kawenaula Alohalani 0-0: Called Strike
0-1: Ball
1-1: Ball
2-1: Ball
3-1: Called Strike
3-2: GRAND SLAM HOME RUN (Flyball, 7D, EV 101.9 MPH), Distance : 372 ft
Batting: RHB Juan Reyes 0-0: Ball
1-0: SINGLE (Groundball, 6MD, EV 105.6 MPH)
Batting: LHB Keith Pick 0-0: Ball
1-0: Called Strike
1-1: Ball
2-1: Foul Ball, location: 2F
2-2: Foul Ball, location: 2F
2-2: Ball
3-2: Ground out 6-3 (Groundball, 6D, EV 90.6 MPH)
Juan Reyes to second
Batting: LHB Gabriel Montoya 0-0: Foul Ball, location: 2F
0-1: Ball
1-1: Ball
2-1: Foul Ball, location: 2F
2-2: Foul Ball, location: 2F
2-2: Ball
3-2: Fly out, F7 (Line Drive, 7, EV 97.5 MPH)
Bottom of the 6th over - 6 runs, 6 hits, 0 errors, 1 left on base; Hartford 2 - Hialeah 9
TOP OF THE 7TH
Hartford Pride batting - Pitching for Hialeah Dodos : RHP Kenny Hannah
Batting: RHB Hani Azwan 0-0: Ball
1-0: Called Strike
1-1: Swinging Strike
1-2: Ball
2-2: Strikes out swinging
Batting: SHB Alvin Peterson 0-0: Foul Ball, location: 2F
0-1: Ball
1-1: Swinging Strike
1-2: Strikes out swinging
Batting: RHB Angeddy Almanzar 0-0: Foul Ball, location: 2F
0-1: Ball
1-1: Swinging Strike
1-2: Ball
2-2: Strikes out swinging
Top of the 7th over - 0 runs, 0 hits, 0 errors, 0 left on base; Hartford 2 - Hialeah 9
BOTTOM OF THE 7TH
Hialeah Dodos batting - Pitching for Hartford Pride : RHP Victor Heuvelink
Batting: LHB Richard Edwards 0-0: Foul Ball, location: 2F
0-1: Foul Ball, location: 2F
0-2: Foul Ball, location: 2F
0-2: Foul Ball, location: 2F
0-2: Ground out 5-3 (Groundball, 5, EV 100.0 MPH)
Batting: RHB Chrysler Rodriguez 0-0: Fly out, F9 (Flyball, 9D, EV 92.5 MPH)
Batting: LHB Dallas McMurran 0-0: Called Strike
0-1: Called Strike
0-2: Ball
1-2: Ball
2-2: Foul Ball, location: 2F
2-2: Foul Ball, location: 2F
2-2: Ground out 4-3 (Groundball, 4, EV 90.0 MPH)
Bottom of the 7th over - 0 runs, 0 hits, 0 errors, 0 left on base; Hartford 2 - Hialeah 9
TOP OF THE 8TH
Hartford Pride batting - Pitching for Hialeah Dodos : RHP Kenny Hannah
Batting: RHB Barend Huijbregts 0-0: Called Strike
0-1: Ball
1-1: Foul Ball, location: 2F
1-2: Ball
2-2: Ball
3-2: Strikes out looking
Batting: RHB Nathan Pruitt 0-0: Ball
1-0: Called Strike
1-1: Swinging Strike
1-2: Ball
2-2: Strikes out swinging
Batting: LHB Daniel Joseph 0-0: Called Strike
0-1: SOLO HOME RUN (Line Drive, 9LD, EV 97.5 MPH), Distance : 357 ft
Batting: RHB Katsuhiko Ishihara 0-0: Ball
1-0: Foul Ball, location: 2F
1-1: Ball
2-1: Ball
3-1: Base on Balls
Batting: LHB Tomás Muinos 0-0: Called Strike
0-1: Ball
1-1: Fly out, F7 (Flyball, 7, EV 91.2 MPH)
Top of the 8th over - 1 run, 1 hit, 0 errors, 1 left on base; Hartford 3 - Hialeah 9
BOTTOM OF THE 8TH
Hialeah Dodos batting - Pitching for Hartford Pride : RHP Victor Heuvelink
Batting: SHB Xavier Mercier 0-0: Swinging Strike
0-1: Ball
1-1: Ground out 5-3 (Groundball, 56, EV 103.1 MPH)
Batting: RHB Sergio San Martín 0-0: Foul Ball, location: 2F
0-1: Foul Ball, location: 2F
0-2: Fly out, F7 (Flyball, 78D, EV 96.9 MPH)
Batting: RHB Kawenaula Alohalani 0-0: Called Strike
0-1: Ground out 5-3 (Groundball, 5, EV 93.1 MPH)
Bottom of the 8th over - 0 runs, 0 hits, 0 errors, 0 left on base; Hartford 3 - Hialeah 9
TOP OF THE 9TH
Hartford Pride batting - Pitching for Hialeah Dodos : RHP Kenny Hannah
Pitching: RHP Jeffery Johnston
Batting: RHB Emílio Agramónte 0-0: Called Strike
0-1: Swinging Strike
0-2: Strikes out looking
Batting: RHB Hani Azwan 0-0: Ball
1-0: Ball
2-0: Foul Ball, location: 2F
2-1: Swinging Strike
2-2: Strikes out swinging
Batting: SHB Alvin Peterson 0-0: Swinging Strike
0-1: Ball
1-1: Ground out 6-3 (Groundball, 6M, EV 80.0 MPH)
Top of the 9th over - 0 runs, 0 hits, 0 errors, 0 left on base; Hartford 3 - Hialeah 9
Friday, March 26th, 2021 - OOTP Baseball 20.8 Build 74